[Event "Magistral Szmetan Giardelli 2019"]
[Site "Buenos Aires"]
[Date "2019.12.02"]
[Round "2.1"]
[White "Slipak, Sergio"]
[Black "Felgaer, Ruben"]
[Result "0-1"]
[ECO "D04"]
[WhiteElo "2384"]
[BlackElo "2560"]
[Annotator "ChessBase"]
[PlyCount "104"]
[EventDate "2019.12.01"]
[EventType "tourn"]
[EventCountry "ARG"]
[SourceTitle "playchess.com"]
[Source "ChessBase"]
[SourceQuality "1"]
[TimeControl "40/5400+30:1800+30"]

1. d4 Nf6 2. Nf3 c6 3. e3 d5 4. Bd3 Bg4 5. Nbd2 Nbd7 6. h3 Bh5 7. b3 e5 8. g4 e4 9. gxh5 exd3 10. cxd3 Nxh5 11. Bb2 g6 12. Ne5 Bd6 13. Qg4 Nf8 14. O-O f6 15. Nef3 Kf7 16. Nh4 Ng7 17. f4 f5 18. Qg3 Nfe6 19. Nhf3 Qa5 20. Qe1 Qa6 21. Rd1 Rhe8 22. Ne5+ Bxe5 23. fxe5 Kg8 24. Bc3 Qxa2 25. Bb4 Qa6 26. Nf3 Qb6 27. Bd6 f4 28. exf4 Nxd4 29. Nxd4 Qxd4+ 30. Qf2 Qxf2+ 31. Kxf2 Nf5 32. Ba3 a5 33. Bc5 Kf7 34. Ra1 Ra6 35. b4 Rea8 36. bxa5 Rxa5 37. Rxa5 Rxa5 38. d4 Ra2+ 39. Kf3 Rb2 40. Ra1 Rb5 41. Kf2 b6 42. Ra7+ Ke6 43. Bf8 Rb2+ 44. Kf3 Nxd4+ 45. Ke3 Nf5+ 46. Kd3 Rb3+ 47. Kd2 Rxh3 48. Rc7 Nd4 49. Rb7 Rf3 50. Re7+ Kf5 51. Rf7+ Ke4 52. Bd6 c5 0-1

[Event "Magistral Szmetan Giardelli 2019"]
[Site "Buenos Aires"]
[Date "2019.12.04"]
[Round "4.3"]
[White "Santiago, Yago De Moura"]
[Black "Hoffman, Alejandro"]
[Result "1/2-1/2"]
[ECO "A55"]
[WhiteElo "2479"]
[BlackElo "2441"]
[Annotator "RC"]
[PlyCount "55"]
[EventDate "2019.12.01"]
[EventType "tourn"]
[EventCountry "ARG"]
[SourceTitle "playchess.com"]
[Source "ChessBase"]
[SourceQuality "1"]
[TimeControl "40/5400+30:1800+30"]

1. c4 c6 2. d4 d6 3. Nf3 Nd7 4. Nc3 e5 5. e4 Ngf6 6. Be2 Be7 7. O-O O-O 8. Qc2 a6 9. Rd1 Qc7 10. a4 a5 11. h3 exd4 12. Nxd4 Nc5 13. Bf4 Re8 14. Bf3 Qb6 15. Rd2 Bf8 16. Rad1 h6 17. Nf5 Bxf5 18. exf5 Qb4 19. Bxd6 Bxd6 20. Rxd6 Qxc4 21. Be2 Qf4 22. R6d4 Qe5 23. Bc4 Re7 24. Ne2 Rae8 25. Nf4 Kh7 26. Bxf7 Rxf7 27. Ng6 Qe2 28. R4d2 1/2-1/2

[Event "Magistral Szmetan Giardelli 2019"]
[Site "Buenos Aires"]
[Date "2019.12.06"]
[Round "6.4"]
[White "Granda Zuniga, Julio E"]
[Black "Hoffman, Alejandro"]
[Result "0-1"]
[ECO "E14"]
[WhiteElo "2644"]
[BlackElo "2441"]
[Annotator "RC"]
[PlyCount "50"]
[EventDate "2019.12.01"]
[EventType "tourn"]
[EventCountry "ARG"]
[SourceTitle "playchess.com"]
[Source "ChessBase"]
[SourceQuality "1"]
[TimeControl "40/5400+30:1800+30"]

1. d4 Nf6 2. c4 e6 3. Nf3 d5 4. e3 Be7 5. b3 O-O 6. Bd3 b6 7. O-O Bb7 8. Bb2 dxc4 9. bxc4 c5 10. Nbd2 Nc6 11. Rc1 Re8 12. Bb1 cxd4 13. exd4 Bf8 14. Qe2 g6 15. Rfd1 Bh6 16. h4 Nh5 17. a3 Rc8 18. g3 Qc7 19. Qe1 Na5 20. Ng5 Bg7 21. Ba2 Rcd8 22. Qe3 Nc6 23. Ndf3 h6 24. Ne4 f5 25. Ned2 Nxg3 0-1

[Event "Magistral Szmetan Giardelli 2019"]
[Site "Buenos Aires"]
[Date "2019.12.06"]
[Round "6.5"]
[White "Flores, Diego"]
[Black "Delgado Ramirez, Neuris"]
[Result "0-1"]
[ECO "A40"]
[WhiteElo "2608"]
[BlackElo "2619"]
[Annotator "ChessBase"]
[PlyCount "118"]
[EventDate "2019.12.01"]
[EventType "tourn"]
[EventCountry "ARG"]
[SourceTitle "playchess.com"]
[Source "ChessBase"]
[SourceQuality "1"]
[TimeControl "40/5400+30:1800+30"]

1. c4 b6 2. d4 e6 3. Nc3 Bb4 4. e3 Bxc3+ 5. bxc3 Ne7 6. Bd3 Nbc6 7. Qg4 O-O 8. Qh4 f5 9. Nf3 Ng6 10. Qh5 Qe8 11. g4 Bb7 12. Rg1 Nb4 13. cxb4 Bxf3 14. Qh3 fxg4 15. Rxg4 Bxg4 16. Qxg4 e5 17. Bb2 Qf7 18. Qg3 Qe7 19. c5 e4 20. Bc4+ Kh8 21. Qxc7 Qf6 22. Qg3 bxc5 23. bxc5 Rab8 24. Bc3 Nh4 25. Rc1 Nf5 26. Qg2 Rbe8 27. Ke2 d5 28. cxd6 Nxd6 29. d5 Qf3+ 30. Qxf3 exf3+ 31. Kd3 Ne4 32. Be1 Rf5 33. Bb3 Rg5 34. h4 Rg1 35. Ba4 Rxe1 36. Rxe1 Nxf2+ 37. Kc3 Re5 38. Bb3 Ng4 39. Kd4 Rf5 40. d6 Rf8 41. e4 f2 42. Rf1 Nh2 43. Bc4 Nxf1 44. Bxf1 Kg8 45. Bc4+ Kh8 46. Bf1 Kg8 47. e5 Kf7 48. Kd5 Ke8 49. e6 a6 50. a4 Rf3 51. a5 Ra3 52. Kc6 Rxa5 53. Bd3 g6 54. h5 Rxh5 55. Bxa6 Rh1 56. Bb5 f1=Q 57. Kc7+ Qxb5 58. d7+ Ke7 59. d8=Q+ Kxe6 0-1

[Event "Magistral Szmetan Giardelli 2019"]
[Site "Buenos Aires"]
[Date "2019.12.08"]
[Round "8.1"]
[White "Slipak, Sergio"]
[Black "Santiago, Yago De Moura"]
[Result "1-0"]
[ECO "A25"]
[WhiteElo "2384"]
[BlackElo "2479"]
[Annotator "ChessBase"]
[PlyCount "87"]
[EventDate "2019.12.01"]
[EventType "tourn"]
[EventCountry "ARG"]
[SourceTitle "playchess.com"]
[Source "ChessBase"]
[SourceQuality "1"]
[TimeControl "40/5400+30:1800+30"]

1. c4 e5 2. Nc3 Nc6 3. g3 h5 4. Nf3 Bc5 5. e3 d6 6. d4 Bb4 7. Bg2 Bg4 8. h3 Bd7 9. Bd2 Nf6 10. a3 Bxc3 11. Bxc3 Qe7 12. d5 Nd8 13. Nxe5 Bf5 14. Nf3 Be4 15. O-O c6 16. Bxf6 Qxf6 17. Qd4 Qxd4 18. Nxd4 Bxg2 19. Kxg2 g6 20. b4 Kd7 21. Rfd1 Rc8 22. Rac1 c5 23. bxc5 dxc5 24. Nb5 Ra8 25. e4 f6 26. f4 Nf7 27. Re1 a6 28. Nc3 Kc7 29. e5 fxe5 30. fxe5 Rhe8 31. e6 Nd6 32. Ne2 g5 33. Ng1 b5 34. cxb5 Kb6 35. bxa6 c4 36. Nf3 Kc5 37. Nxg5 Rxa6 38. Ne4+ Nxe4 39. Rxe4 Rxa3 40. Rcxc4+ Kxd5 41. Rcd4+ Kc5 42. Rd2 Rg8 43. e7 Rgxg3+ 44. Kf2 1-0

[Event "Magistral Szmetan Giardelli 2019"]
[Site "Buenos Aires"]
[Date "2019.12.08"]
[Round "8.4"]
[White "Flores, Diego"]
[Black "Felgaer, Ruben"]
[Result "1/2-1/2"]
[ECO "A30"]
[WhiteElo "2608"]
[BlackElo "2560"]
[Annotator "RC"]
[PlyCount "106"]
[EventDate "2019.12.01"]
[EventType "tourn"]
[EventCountry "ARG"]
[SourceTitle "playchess.com"]
[Source "ChessBase"]
[SourceQuality "1"]
[TimeControl "40/5400+30:1800+30"]

1. c4 c5 2. b3 Nc6 3. Bb2 e5 4. g3 Nge7 5. Nf3 d6 6. Bg2 g6 7. O-O Bg7 8. Nc3 O-O 9. d3 Rb8 10. a3 a6 11. Nd2 b5 12. e3 Bf5 13. Qc2 Qd7 14. Nd5 Nxd5 15. cxd5 Ne7 16. f4 Bh3 17. Bxh3 Qxh3 18. e4 exf4 19. Rxf4 Qh6 20. Raf1 f5 21. Kg2 Bxb2 22. Qxb2 Qg7 23. Qxg7+ Kxg7 24. b4 Rbc8 25. bxc5 Rxc5 26. Nf3 Rc3 27. Nd4 Kg8 28. R4f3 Rxa3 29. g4 Ra2+ 30. Kg3 Rd2 31. Ne6 Rf6 32. Rc1 h6 33. h4 Kf7 34. Rc7 f4+ 35. Nxf4 g5 36. hxg5 hxg5 37. Ng6 Kxg6 38. Rxe7 Rxf3+ 39. Kxf3 Rxd3+ 40. Ke2 Ra3 41. Re6+ Kf7 42. Rxd6 b4 43. e5 a5 44. Rb6 Rc3 45. Rb7+ Ke8 46. Rb8+ Kd7 47. e6+ Kd6 48. Kd2 Rc7 49. Rb5 b3 50. Kd3 Ke5 51. Rxb3 Kxd5 52. Rb5+ Kxe6 53. Rxa5 Kf6 1/2-1/2

[Event "Magistral Szmetan Giardelli 2019"]
[Site "Buenos Aires"]
[Date "2019.12.11"]
[Round "11.1"]
[White "Hoffman, Alejandro"]
[Black "Slipak, Sergio"]
[Result "0-1"]
[ECO "D37"]
[WhiteElo "2441"]
[BlackElo "2384"]
[Annotator "NA"]
[PlyCount "102"]
[EventDate "2019.12.01"]
[EventType "tourn"]
[EventCountry "ARG"]
[SourceTitle "playchess.com"]
[Source "ChessBase"]
[SourceQuality "1"]
[TimeControl "40/5400+30:1800+30"]

1. d4 d5 2. c4 e6 3. Nc3 Be7 4. Nf3 Nf6 5. Bf4 O-O 6. e3 b6 7. Bd3 dxc4 8. Bxc4 Bb7 9. O-O Nbd7 10. Qe2 Nd5 11. Nxd5 exd5 12. Ba6 Qc8 13. Bd3 Nf6 14. Rac1 c5 15. dxc5 bxc5 16. Nd4 g6 17. Rfd1 Qd8 18. Nb5 Qb6 19. Bc7 Qe6 20. Bg3 Qb6 21. b3 Rac8 22. Nc3 Qe6 23. Na4 Nh5 24. Qd2 Nxg3 25. hxg3 c4 26. Be2 Ba3 27. Rc2 cxb3 28. axb3 Bb4 29. Qc1 d4 30. Rxd4 Qxb3 31. Rxc8 Rxc8 32. Qd1 Qxd1+ 33. Bxd1 a5 34. Bb3 Rc1+ 35. Kh2 Bc6 36. Rd8+ Kg7 37. Nb6 Rb1 38. Bd5 Bxd5 39. Nxd5 Be1 40. f3 a4 41. e4 Rb5 42. e5 a3 43. f4 Rxd5 44. Rxd5 a2 45. Rd1 Bc3 46. g4 h6 47. g3 a1=Q 48. Rxa1 Bxa1 49. Kg2 Kf8 50. Kf3 Ke7 51. Ke4 Bc3 0-1

[Event "Magistral Szmetan Giardelli 2019"]
[Site "Buenos Aires"]
[Date "2019.12.11"]
[Round "11.2"]
[White "Felgaer, Ruben"]
[Black "Delgado Ramirez, Neuris"]
[Result "0-1"]
[ECO "B91"]
[WhiteElo "2560"]
[BlackElo "2619"]
[Annotator "ChessBase"]
[PlyCount "116"]
[EventDate "2019.12.01"]
[EventType "tourn"]
[EventCountry "ARG"]
[SourceTitle "playchess.com"]
[Source "ChessBase"]
[SourceQuality "1"]
[TimeControl "40/5400+30:1800+30"]

1. e4 c5 2. Nf3 d6 3. d4 cxd4 4. Nxd4 Nf6 5. Nc3 a6 6. g3 e5 7. Nb3 Bg4 8. Be2 Be6 9. f4 Be7 10. f5 Bc8 11. Be3 b5 12. Nd5 Nbd7 13. a4 Nxd5 14. Qxd5 Rb8 15. axb5 Bb7 16. Qd3 axb5 17. O-O O-O 18. Ra7 Nf6 19. Bf3 Re8 20. Rfa1 d5 21. Qxb5 Qc8 22. Qe2 dxe4 23. Bg2 Bd5 24. h3 Qxf5 25. c4 Rxb3 26. cxd5 Nxd5 27. Qc4 Rxe3 28. Qxd5 Rxg3 29. Rf1 Qg6 30. Rxe7 Rxg2+ 31. Kh1 Rf8 32. Rexf7 Rg1+ 33. Rxg1 Qxf7 34. Qxe4 Qe6 35. Qg4 Qd5+ 36. Rg2 g6 37. Kh2 Rf4 38. Qc8+ Kg7 39. Qc7+ Kh6 40. Qc1 Qf7 41. Qe3 Qf6 42. b4 g5 43. b5 Rb4 44. Rf2 Qe6 45. Rc2 Rxb5 46. h4 Qg4 47. hxg5+ Kh5 48. Qf2 Qf4+ 49. Qxf4 exf4 50. Kg2 Kg4 51. Kh2 Rb3 52. Kg2 Rh3 53. Rc4 Ra3 54. Rc2 Rg3+ 55. Kf2 Rh3 56. Rc5 Rh2+ 57. Kf1 f3 58. Kg1 Kg3 0-1

[Event "Magistral Szmetan Giardelli 2019"]
[Site "Buenos Aires"]
[Date "2019.12.11"]
[Round "11.3"]
[White "Perez Ponsa, Federico"]
[Black "Pichot, Alan"]
[Result "1-0"]
[ECO "E35"]
[WhiteElo "2560"]
[BlackElo "2588"]
[Annotator "ChessBase"]
[PlyCount "57"]
[EventDate "2019.12.01"]
[EventType "tourn"]
[EventCountry "ARG"]
[SourceTitle "playchess.com"]
[Source "ChessBase"]
[SourceQuality "1"]
[TimeControl "40/5400+30:1800+30"]

1. d4 Nf6 2. c4 e6 3. Nc3 Bb4 4. Qc2 d5 5. cxd5 exd5 6. Bg5 h6 7. Bh4 g5 8. Bg3 Nc6 9. e3 h5 10. Bb5 h4 11. Be5 O-O 12. Bxf6 Qxf6 13. a3 Bf5 14. Bd3 Bxc3+ 15. bxc3 Ne7 16. h3 c5 17. Nf3 Rac8 18. Bxf5 Nxf5 19. Qb3 Rfd8 20. Qxb7 Rb8 21. Qxa7 cxd4 22. cxd4 Ra8 23. Qc7 Qa6 24. Qe5 Qd3 25. Rd1 Qc3+ 26. Nd2 Qd3 27. Nb1 Qc2 28. O-O Re8 29. Qxd5 1-0

[Event "Magistral Szmetan Giardelli 2019"]
[Site "Buenos Aires"]
[Date "2019.12.11"]
[Round "11.4"]
[White "Ricardi, Pablo"]
[Black "Henriquez Villagra, Cristobal"]
[Result "0-1"]
[ECO "B51"]
[WhiteElo "2493"]
[BlackElo "2593"]
[Annotator "ChessBase"]
[PlyCount "100"]
[EventDate "2019.12.01"]
[EventType "tourn"]
[EventCountry "ARG"]
[SourceTitle "playchess.com"]
[Source "ChessBase"]
[SourceQuality "1"]
[TimeControl "40/5400+30:1800+30"]

1. e4 c5 2. Nf3 d6 3. Bb5+ Nd7 4. O-O a6 5. Bxd7+ Bxd7 6. c3 Nf6 7. Re1 Bg4 8. d4 e6 9. h3 Bh5 10. d5 e5 11. Nbd2 g5 12. g4 Bg6 13. Nh2 h5 14. f3 hxg4 15. hxg4 Nd7 16. Ndf1 Qf6 17. Be3 Be7 18. a4 Rh3 19. a5 Kf8 20. Kg2 Qh8 21. b4 c4 22. Ra2 Kg7 23. Kg1 Qh7 24. Rg2 Rh8 25. Qe2 Qh4 26. Nd2 Rg3 27. Ndf1 Rxg2+ 28. Kxg2 Nf6 29. Bf2 Qh3+ 30. Kg1 Nxd5 31. Bg3 Nf4 32. Bxf4 exf4 33. Qxc4 Bf6 34. Rd1 Be5 35. Rxd6 Bxd6 36. Qd4+ Kh7 37. Qxd6 Qh4 38. Qd5 Rc8 39. c4 Kh6 40. c5 Qe1 41. Qd4 Kh7 42. Kg2 Qe2+ 43. Kg1 Qe1 44. Kg2 Rh8 45. Qd5 Qxb4 46. Qxg5 Qb2+ 47. Kg1 Qc1 48. Qe5 Rc8 49. Qf6 Rxc5 50. e5 Qe1 0-1

[Event "Magistral Szmetan Giardelli 2019"]
[Site "Buenos Aires"]
[Date "2019.12.11"]
[Round "11.5"]
[White "Santiago, Yago De Moura"]
[Black "Flores, Diego"]
[Result "1/2-1/2"]
[ECO "E20"]
[WhiteElo "2479"]
[BlackElo "2608"]
[Annotator "ChessBase"]
[PlyCount "97"]
[EventDate "2019.12.01"]
[EventType "tourn"]
[EventCountry "ARG"]
[SourceTitle "playchess.com"]
[Source "ChessBase"]
[SourceQuality "1"]
[TimeControl "40/5400+30:1800+30"]

1. d4 Nf6 2. c4 e6 3. Nc3 Bb4 4. Bd2 c5 5. a3 Bxc3 6. Bxc3 Ne4 7. Qc2 Nxc3 8. Qxc3 Qf6 9. Nf3 Nc6 10. Rd1 b6 11. e3 Bb7 12. Qd2 cxd4 13. Nxd4 Nxd4 14. Qxd4 Qxd4 15. Rxd4 Ke7 16. f3 Rhd8 17. Be2 d5 18. cxd5 Bxd5 19. Kf2 e5 20. Rd3 Be6 21. Rc1 Rac8 22. Rxc8 Rxc8 23. Ke1 e4 24. Rd2 exf3 25. Bxf3 Kf6 26. Bd1 Rc1 27. Kf2 Ke5 28. Bf3 a5 29. Be2 g5 30. Bd3 h5 31. Rc2 Rxc2+ 32. Bxc2 Bf5 33. Bb3 Be6 34. Bc2 f6 35. g3 Bf5 36. Bb3 Bg4 37. Bc2 Bh3 38. Bd1 Bg4 39. Bc2 Bd7 40. Bd1 Be8 41. Bc2 h4 42. gxh4 gxh4 43. Kf3 Bd7 44. Kf2 Bc6 45. Bb3 Be4 46. Ke2 f5 47. Kf2 Kd6 48. Ke2 Kc5 49. Be6 1/2-1/2

[Event "Magistral Szmetan Giardelli 2019"]
[Site "Buenos Aires"]
[Date "2019.12.11"]
[Round "11.6"]
[White "Mareco, Sandro"]
[Black "Granda Zuniga, Julio E"]
[Result "1/2-1/2"]
[ECO "D51"]
[WhiteElo "2637"]
[BlackElo "2644"]
[Annotator "ChessBase"]
[PlyCount "23"]
[EventDate "2019.12.01"]
[EventType "tourn"]
[EventCountry "ARG"]
[SourceTitle "playchess.com"]
[Source "ChessBase"]
[SourceQuality "1"]
[TimeControl "40/5400+30:1800+30"]

1. d4 d5 2. c4 c6 3. Nf3 Nf6 4. Nc3 e6 5. Bg5 h6 6. Bh4 Nbd7 7. e3 g5 8. Bg3 Nh5 9. Be5 Nhf6 10. Bg3 Nh5 11. Be5 Nhf6 12. Bg3 1/2-1/2